Map: 2000 Atmospheres LE

Players

A.I. 1 (Very Easy)

  • Race: Zerg Zerg

evilPutty - Winner!

  • Race: Zerg Zerg
  • League: Gold

VOD

Have the link to the VOD?

Description

Time

  • Played on: May 31, 2021, 10:09 p.m.
  • Length: 9:30
Show
View Real Time Build Order
Export as new Build Order

A.I. 1 (Very Easy) Zerg 

Build Orders: Pool First 

Get SALT Encoding   

  12  0:01  Drone  
  13  0:12  Overlord  
  13  0:16  Drone  
  14  0:35  Spawning Pool  
  14  0:37  Extractor  
  14  0:39  Drone  
  13  0:47  Drone  
  14  0:53  Overlord  
  14  1:22  Zergling x2  
  14  1:24  Queen  
  17  1:32  Roach Warren  
  16  1:35  Drone  
  17  1:41  Extractor  
  17  1:43  Drone, Zergling x2  
  18  1:57  Drone  
  19  2:04  Zergling x2  
  19  2:07  Drone  
  21  2:18  Drone  
  22  2:29  Drone  
  23  2:30  Overlord  
  23  2:36  Drone  
  24  2:43  Drone  
  25  6:03  Drone, Roach, Lair  
  28  6:10  Drone  
  29  6:17  Drone  
  30  6:18  Overlord  
  30  6:24  Drone  
  31  6:31  Drone  
  29  6:44  Ravager, Zergling x2  
  31  7:04  Overseer x2  
  31  7:15  Hatchery  
  30  7:25  Roach  
  32  8:28  Drone  
  33  8:34  Extractor  
  33  8:35  Drone  
  33  8:38  Zergling x2  
  33  8:39  Extractor  
  29  8:42  Drone  
  28  8:50  Drone  
  21  8:57  Drone  
  21  9:04  Drone  
  21  9:06  Zergling x2  
  19  9:11  Drone  
  19  9:13  Extractor  
Show
View Real Time Build Order
Export as new Build Order

evilPutty Zerg - Winner!

Build Orders: Hatch First 

Get SALT Encoding   

  12  0:03  Drone  
  13  0:13  Overlord  
  13  0:17  Drone  
  14  0:31  Drone  
  14  0:32  Drone  
  16  0:37  Drone  
  17  0:53  Hatchery  
  17  0:55  Drone  
  17  0:58  Drone  
  18  1:09  Extractor  
  17  1:14  Spawning Pool  
  17  1:16  Drone  
  17  1:19  Drone  
  18  1:31  Drone  
  19  1:42  Drone  
  20  1:52  Drone  
  21  2:02  Overlord  
  21  2:04  Queen  
  21  2:05  Queen  
  21  2:06  Zergling x2  
  26  2:14  Zergling x2  
  27  2:17  Drone  
  28  2:23  Overlord  
  28  2:28  Drone  
  29  2:34  Drone  
  30  2:38  Drone  
  31  2:45  Overlord  
  31  2:50  Drone  
  31  2:51  Queen  
  34  2:56  Drone  
  34  2:57  Hatchery  
  34  2:59  Drone  
  34  3:05  Queen  
  35  3:06  Overlord  
  35  3:12  Drone  
  38  3:22  Drone  
  38  3:23  Drone x3  
  38  3:26  Drone  
  43  3:33  Drone  
  44  3:38  Drone  
  45  3:46  Queen  
  47  3:49  Overlord  
  47  3:50  Drone x4  
  47  3:53  Queen  
  53  3:58  Drone  
  54  4:04  Metabolic Boost  
  54  4:07  Drone x4  
  54  4:09  Overlord  
  58  4:19  Drone  
  58  4:20  Drone x4  
  63  4:24  Drone, Baneling Nest  
  63  4:27  Drone x2  
  65  4:39  Overlord  
  65  4:40  Drone x2  
  65  4:43  Drone  
  68  4:46  Zergling x6  
  71  4:59  Overlord  
  71  5:00  Drone x4  
  75  5:10  Zergling x6  
  75  5:11  Drone x3  
  75  5:12  Drone x2  
  83  5:15  Lair  
  83  5:16  Hatchery, Drone  
  83  5:18  Extractor  
  83  5:20  Spore Crawler  
  81  5:22  Spore Crawler  
  81  5:23  Spore Crawler  
  81  5:24  Drone x2  
  81  5:25  Drone  
  82  5:32  Extractor  
  81  5:36  Spine Crawler  
  81  5:37  Drone  
  81  5:38  Drone x4  
  81  5:39  Extractor, Spine Crawler  
  83  5:50  Drone x2  
  83  5:51  Drone  
  86  6:18  Drone x12  
  95  6:22  Overlord  
  95  6:24  Overlord  
  98  6:37  Drone x6  
  98  6:38  Overlord  
  104  6:40  Overlord  
  104  6:41  Overlord  
  104  6:52  Centrifical Hooks, Extractor  
  104  6:53  Extractor  
  102  6:59  Evolution Chamber  
  102  7:00  Evolution Chamber  
  100  7:22  Extractor  
  99  7:23  Spore Crawler, Extractor  
  99  7:27  Zerg Ground Armor Level 1  
  99  7:29  Zerg Melee Weapons Level 1  
  97  7:36  Drone x2  
  97  7:37  Drone x3  
  100  7:38  Drone  
  100  7:39  Overlord x2  
  100  7:41  Zergling x30  
  118  7:45  Baneling x10  
  118  7:48  Overlord  
  118  8:06  Hatchery  
  117  8:15  Spine Crawler  
  117  8:17  Spine Crawler  
  115  8:21  Zergling x26  
  128  8:30  Drone x4  
  132  8:34  Overlord  
  132  8:35  Overlord x2  
  125  9:22  Spire  
  125  9:23  Spire  
Tags
 
Add a new tag
Caveats
  • Supply blocks, unpowered buildings, or Contaminate may cause inaccurate times.
  • Supply counts are checked every 10 seconds.